 Dungeon Crawl Stone Soup version 0.31.0-9-g3a7656b989 (webtiles) character file.

Game seed: 3884267853373417822

228 cdecastro the Firebug (level 5, 0/25 (28) HPs)
             Began as a Deep Elf Fire Elementalist on Jan 24, 2024.
             Was an Initiate of Cheibriados.
             Slain by an orc wizard
             ... wielding a +2 dagger of draining
              (1 damage)
             ... on level 4 of the Dungeon on Jan 25, 2024.
             The game lasted 00:08:32 (3701 turns).

cdecastro the Firebug (Deep Elf Fire Elementalist)  Turns: 3701, Time: 00:08:33

HP:   0/25 (28)     AC:  3    Str:  6    XL:     5   Next: 70%
MP:   5/11          EV: 12    Int: 23    God:    Cheibriados [......]
Gold: 121           SH:  0    Dex: 16    Spells: 1/10 levels left

rFire   . . .        e - +0 dagger
rCold   . . .        (no shield)
rNeg    . . .        a - +0 robe
rPois   .            (no helmet)
rElec   .            n - +0 cloak
rCorr   .            (no gloves)
SInv    .            (no boots)
Will    .....        (no amulet)
Stlth   ++           (no ring)
HPRegen 0.24/turn    (no ring)
MPRegen 0.12/turn

%: no passive effects
@: heavily drained, very slow
A: no striking features
a: Renounce Religion


You were on level 4 of the Dungeon.
You worshipped Cheibriados.
Cheibriados was noncommittal.
You visited 1 branch of the dungeon, and saw 4 of its levels.

You collected 121 gold pieces.

Inventory:

Hand Weapons
 e - a +0 dagger (weapon)
Armour
 a - a +0 robe (worn)
 n - a +0 cloak (worn)
Magical Staves
 k - a staff of air
Jewellery
 c - a ring of ice
Talismans
 q - a flux talisman
Wands
 t - a wand of polymorph (5)
 v - a wand of digging (8)
Scrolls
 f - a scroll of immolation {unknown}
 h - a scroll of amnesia {unknown}
 i - 2 scrolls of vulnerability
 j - a scroll of summoning {unknown}
 o - a scroll of revelation {unknown}
 p - a scroll of poison {unknown}
 s - a scroll of fear {unknown}
 u - a scroll of teleportation {unknown}
Potions
 b - 2 potions of magic
 d - 2 potions of curing
 m - a potion of attraction
 r - a potion of might {unknown}


   Skills:
 - Level 2.4 Dodging
 - Level 2.4 Stealth
 - Level 3.0 Spellcasting
 - Level 1.1 Conjurations
 + Level 7.1 Fire Magic


You had one spell level left.
You knew the following spells:

 Your Spells              Type           Power      Damage    Failure   Level
a - Foxfire               Conj/Fire      88%        2x1d8     2%          1
b - Scorch                Fire           72%        2d8       1%          2
c - Inner Flame           Hex/Fire       19%        N/A       8%          3
d - Volatile Blastmotes   Fire/Tloc      38%        2d13      8%          3

Your spell library contained the following spells:

 Spells                   Type           Power      Damage    Failure   Level
 Flame Wave               Conj/Fire      22%        2d8       22%         4
 Dazzling Flash           Conj/Hex       10%        N/A       28%         3
 Hailstorm                Conj/Ice       5%         3d5       28%         3
 Arcjolt                  Conj/Air       2%         1d12      95%         5
 Fire Storm               Conj/Fire      11%        8d3       100%        9


Dungeon Overview and Level Annotations

Branches:
Dungeon (4/15)
 Temple: D:4-7

Altars:
Cheibriados
Lugonu

Annotations:
D:3 not done
D:4 apoch's ghost, amateur HOFi


Message History

The orc is moderately wounded.
The foxfire hits the orc.
The orc is almost dead.
Unknown command.
The orc wizard points at you and mumbles some strange words.
The magic dart hits you! The orc hits you but does no damage.
The orc attacks as it pursues you! The orc hits you with a +0 hand axe.
The orc hits you with a +0 hand axe.
* * * LOW HITPOINT WARNING * * *
The orc wizard attacks as it pursues you!
The orc wizard barely misses you.
Press: ? - help, v - describe, . - travel
Here: an orc wizard, wielding a +2 dagger of draining and wearing a +0 robe The floor.
Unknown command.
Unknown command.
Unknown command.
Unknown command.
The orc wizard barely misses you.
Things that are here:
a +0 war axe; a boomerang; an orc corpse The orc wizard gestures at you while chanting.
The magic dart hits you!
* * * LOW HITPOINT WARNING * * *
Items here: )) [ †.
The orc wizard attacks as it pursues you!
The orc wizard hits you with a +2 dagger of draining.
* * * LOW HITPOINT WARNING * * *
You feel drained.
* * * LOW HITPOINT WARNING * * *
You see here a +0 short sword.
The orc wizard hits you with a +2 dagger of draining.
* * * LOW HITPOINT WARNING * * *
You feel drained.
The orc wizard attacks as it pursues you!
The orc wizard barely misses you.
The orc wizard hits you with a +2 dagger of draining.
* * * LOW HITPOINT WARNING * * *
You feel drained.
You die...

#o### #.# #)# #o# ####o#
#....# #.w.!# #.o..#
#.@..# .##...## #.)..#
..##...# ##.### ...##..#
#.# ♣!.W#..## ##.#
...##...# #..#
..##....### ##.##
⌠##.......####..######
##...................####


You could see a ribbon worm, an orc wizard and 2 orcs.

Vanquished Creatures
  A scorpion (D:4)
  An iguana (D:4)
  4 adders
  2 dart slugs
  3 ribbon worms
  10 orcs
  10 ball pythons
  6 endoplasms
  5 giant cockroaches
  2 goblins (D:1)
  13 hobgoblins
  4 jackals (D:2)
  A quokka (D:1)
  5 bats
  2 frilled lizards (D:1)
  8 kobolds
  4 rats
81 creatures vanquished.

Vanquished Creatures (others)
  236 foxfires
236 creatures vanquished.

Grand Total: 317 creatures vanquished

Notes
Turn   | Place    | Note
-------+----------+-------------------------------------------
     0 | D:1      | cdecastro the Deep Elf Fire Elementalist began the quest
                  | for the Orb.
     0 | D:1      | Reached XP level 1. HP: 10/10 MP: 6/6
    96 | D:1      | Found a faded altar of an unknown god.
   147 | D:1      | Prayed at the altar of an unknown god.
   147 | D:1      | Became a worshipper of Lugonu the Unformed
   147 | D:1      | Reached * piety under Lugonu
   330 | D:1      | Reached XP level 2. HP: 15/15 MP: 4/8
   333 | D:1      | Reached skill level 4 in Fire Magic
   798 | D:1      | Reached XP level 3. HP: 19/19 MP: 7/9
   829 | D:1      | Got the Reference Book on Destruction
   892 | D:1      | Reached ** piety under Lugonu
  1129 | D:2      | Learned a level 2 spell: Scorch
  1133 | D:2      | Learned a level 3 spell: Inner Flame
  1199 | D:2      | Reached skill level 5 in Fire Magic
  1767 | D:2      | Reached XP level 4. HP: 24/24 MP: 8/10
  2589 | D:3      | Learned a level 3 spell: Volatile Blastmotes
  2721 | D:3      | Found a snail-covered altar of Cheibriados.
  2781 | D:3      | Fell from the grace of Lugonu
  2781 | D:3      | Became a worshipper of Cheibriados the Contemplative
  2888 | D:3      | Reached skill level 6 in Fire Magic
  3122 | D:3      | Noticed an ancient zyme
  3355 | D:4      | Noticed apoch's ghost (amateur HOFi)
  3406 | D:4      | Noticed a scorpion
  3409 | D:4      | Killed a scorpion
  3410 | D:4      | Reached XP level 5. HP: 28/28 MP: 5/11
  3500 | D:4      | Reached skill level 7 in Fire Magic
  3701 | D:4      | HP: 1/26 [orc wizard/+2 dagger of draining (3)]
  3701 | D:4      | Slain by an orc wizard

Illustrated notes

Levels and vault maps discovered:
D:1:      mainiacjoe_arrival_oval_in_oval, layout_loops_ring,
          nicolae_ecumenical_snake_handling, serial_park_tiny_1,
          minmay_tetromino_s4
D:2:      layout_basic
D:3:      layout_basic, slow_altar_2
D:4:      layout_rooms, hellmonk_ghost_happy_afterlife

Skill      XL: |  1  2  3  4  5 |
---------------+----------------+-----
Fire Magic     | 4 5 6 7 |  7.1
Dodging        | |  2.4
Stealth        | |  2.4
Spellcasting   | |  3.0
Conjurations   | |  1.1

Action                     |  1- 3 |  4- 6 || total
---------------------------+-------+-------++-------
  Melee: Dagger            |     1 |     1 ||     2
   Cast: Foxfire           |    75 |    56 ||   131
         Scorch            |     2 |    17 ||    19
         Inner Flame       |       |     2 ||     2
    Use: Scroll            |       |     4 ||     4
 Armour: Robe              |     2 |    17 ||    19
  Dodge: Dodged            |     3 |    14 ||    17
